 Dungeon Crawl Stone Soup version 0.28.0 (webtiles) character file.

Game seed: 12600169196733882623

1652 Ijustatesigmund the Cudgeller (level 9, -3/57 HPs)
             Began as a Gargoyle Fighter on Feb 10, 2022.
             Was a Believer of Cheibriados.
             Slain by a gnoll sergeant (6 damage)
             ... on level 5 of the Dungeon.
             The game lasted 00:09:06 (5561 turns).

Ijustatesigmund the Cudgeller (Gargoyle Fighter)    Turns: 5561, Time: 00:09:07

Health: -3/57      AC: 25    Str: 27    XL:     9   Next: 0%
Magic:  9/12       EV: 10    Int: 20    God:    Cheibriados [**....]
Gold:   184        SH:  4    Dex: 10    Spells: 8/8 levels left

rFire   . . .      SeeInvis .   a - +2 flail (protect)
rCold   . . .      Faith    .   c - +0 buckler
rNeg    + . .      Spirit   .   b - +4 ring mail of Dim Light {Will+ Int+4 Dex-4}
rPois   ∞          Reflect  .   (no helmet)
rElec   +          Harm     .   (no cloak)
rCorr   .          Rampage  .   f - +0 pair of gloves
Will    +....                   d - +0 pair of boots
Stlth   ..........              (no amulet)
HPRegen 0.19/turn               (no ring)
MPRegen 0.13/turn               (no ring)

@: under a protective aura, very slow
A: sickness immunity, AC +6, negative energy resistance 1, electricity
resistance, torment resistance 1, petrification resistance
a: Renounce Religion, Bend Time


You were on level 5 of the Dungeon.
You worshipped Cheibriados.
Cheibriados was pleased with you.
You visited 2 branches of the dungeon, and saw 6 of its levels.

You collected 184 gold pieces.

Inventory:

Hand Weapons
 a - a +2 flail of protection (weapon)
 h - a +0 flail of freezing
Missiles
 i - a javelin (quivered)
Armour
 b - the +4 ring mail of Dim Light (worn) {Will+ Int+4 Dex-4}
   (You found it on level 4 of the Dungeon)

   Int:       It affects your intelligence (+4).
   Dex:       It affects your dexterity (-4).
   Will:      It increases your willpower.
 c - a +0 buckler (worn)
 d - a +0 pair of boots (worn)
 f - a +0 pair of gloves (worn)
Wands
 e - a wand of flame (6)
 g - a wand of acid (10)
 n - a wand of paralysis (17)
Potions
 k - a potion of resistance
 l - 2 potions of attraction


   Skills:
 + Level 7.4 Fighting
 + Level 7.6 Maces & Flails
 + Level 4.7 Armour
 - Level 3.2 Shields
 + Level 4.8 Invocations


You had 8 spell levels left.
You didn't know any spells.
Your spell library contained the following spells:

 Spells                   Type           Power      Damage    Failure   Level
 Tukima's Dance           Hex            0%         N/A       73%         3
 Passage of Golubria      Tloc           0%         N/A       98%         4
 Yara's Violent Unravell  Hex/Tmut       0%         3d3       100%        5


Dungeon Overview and Level Annotations

Branches:
Dungeon (5/15)             Temple (1/1) D:4

Altars:
Ashenzari
Cheibriados
Dithmenos
Elyvilon
Fedhas
Gozag
Hepliaklqana
Kikubaaqudgha
Makhleb
Nemelex Xobeh
Okawaru
Qazlal
Ru
Sif Muna
Trog
Uskayaw
Vehumet
Xom
Yredelemnul
Zin
The Shining One


Innate Abilities, Weirdness & Mutations

You are immune to sickness and miasma.
Your stone body is resilient. (AC +6)
You are immune to poison.
You resist negative energy. (rN+)
You are resistant to electric shocks. (rElec)
You are resistant to unholy torment.
You are immune to petrification.


Message History

The orc hits you but does no damage. x2; You block the gnoll sergeant's attack.
You have reached level 9!
Your experience leads to an increase in your attributes!
Your base attributes are Str 22, Int 9, Dex 9.
Increase (S)trength, (I)ntelligence, or (D)exterity?
You feel clever. x2
You barely miss the orc. The orc completely misses you.
The gnoll closely misses you.
The gnoll sergeant hits you but does no damage.
You closely miss the orc. You block the orc's attack.
The orc barely misses you. The orc completely misses you.
The gnoll hits you but does no damage.
The gnoll sergeant hits you but does no damage.
You sock the orc!
You kill the orc!
Cheibriados appreciates the change of pace.
The orc hits you but does no damage. The gnoll barely misses you.
The orc barely misses you. The gnoll sergeant barely misses you.
You hit the orc.
The orc is almost dead.
You block the orc's attack. The gnoll misses you.
The gnoll sergeant hits you from afar with a +5 trident of protection!
* * * LOW HITPOINT WARNING * * *
You hit the orc.
You kill the orc!
You block the orc's attack. The gnoll completely misses you.
The gnoll sergeant hits you from afar with a +5 trident of protection!
* * * LOW HITPOINT WARNING * * *
Okay, then.
Throw: 2 javelins
Press: ? - help, Q - select action, (/) - cycle Shift-Dir - straight line, f - orc
Aim: an orc, wielding a +0 dagger and wearing a +0 leather armour (59% to hit)
You throw a javelin.
The javelin pierces through the orc but does no damage.
The javelin pierces through the gnoll!
You kill the gnoll!
Cheibriados appreciates the change of pace.
The orc hits you but does no damage.
The gnoll sergeant hits you from afar with a +5 trident of protection.
You die...

≈≈≈≈≈≈≈≈....≈≈≈≈≈≈≈≈≈≈≈≈≈≈≈≈≈≈≈,,
≈≈≈≈≈≈≈≈....≈≈≈≈≈≈≈≈≈≈≈≈*****≈≈,,
..................,,,,,,*,,,*≈≈,,
########''''#########****,,,*≈≈,,
.^.....#....#.......#,,,*+***≈≈,,
.....).#....#......(#,*,,,*,≈≈≈,,
......)'....).......#,,,*,*,≈≈≈,,
+##################'#****,*,≈≈≈,,
,,,,,,,*,,,,#()o@.))#,,,,,*,≈≈≈,,
,,,,,,,,,≈≈...g))...#,,,,,*,≈≈≈,,
,,,,,,,,,≈≈.........#++**,*,≈≈≈,,
,,,,,,,*,...#.........,,*,*,≈≈≈,,
********,..,########....*,*,≈≈≈,,
+,,,,*,,,#*!$.* *$...#+***≈≈,,
**********###*******#####,,,*≈≈,,
,,,,,,,,,,,,,,,,,,,,,,,,*,,,*≈≈,,
≈≈≈≈≈≈≈≈≈≈≈≈≈≈≈≈≈≈≈≈≈≈≈≈*****≈≈,,


You could see a gnoll sergeant and an orc.

Vanquished Creatures
  Grinder (D:5)
  Sigmund (D:2)
  Menkaure (D:5)
  Edmund (D:5)
  An ice beast (D:4)
  2 necrophages
  An ogre (D:5)
  A centaur (D:4)
  A jelly (D:4)
  A centaur zombie (D:5)
  3 orc priests
  Jessica (D:3)
  3 orc wizards
  2 iguanas
  A killer bee zombie (D:5)
  A hound zombie (D:5)
  Robin (D:4)
  5 adders
  6 gnolls (D:5)
  2 ufetubi
  A worm (D:4)
  3 dart slugs
  39 orcs
  7 bats
  4 endoplasms
  3 giant cockroaches
  17 goblins
  12 hobgoblins
  6 jackals
  2 quokkas (D:1)
  11 ball pythons
  4 frilled lizards
  6 kobolds
  9 rats
160 creatures vanquished.

Vanquished Creatures (others)
  A plant (D:5)
1 creature vanquished.

Grand Total: 161 creatures vanquished

Notes
Turn   | Place    | Note
-------+----------+-------------------------------------------
     0 | D:1      | Ijustatesigmund the Gargoyle Fighter began the quest for
                  | the Orb.
     0 | D:1      | Reached XP level 1. HP: 14/14 MP: 1/1
   230 | D:1      | Reached XP level 2. HP: 19/19 MP: 2/2
   640 | D:1      | Reached XP level 3. HP: 24/24 MP: 3/3
  1139 | D:2      | Found a faded altar of an unknown god.
  1240 | D:2      | Noticed Sigmund
  1504 | D:3      | Reached XP level 4. HP: 4/29 MP: 4/4
  2023 | D:3      | Reached XP level 5. HP: 32/34 MP: 5/5
  2136 | D:3      | Noticed Jessica
  2141 | D:3      | Killed Jessica
  2215 | D:4      | Noticed a necrophage
  2231 | D:4      | Killed a necrophage
  2232 | D:4      | Reached skill level 5 in Maces & Flails
  2232 | D:4      | Reached XP level 6. HP: 25/40 MP: 6/6
  2575 | D:4      | Reached skill level 5 in Fighting
  2899 | D:4      | Identified the +4 ring mail of Dim Light {Will+ Int+4
                  | Dex-4}
  2949 | D:4      | Found a staircase to the Ecumenical Temple.
  2964 | D:4      | Noticed Robin
  2970 | D:4      | Killed Robin
  3009 | Temple   | Entered the Ecumenical Temple
  3280 | Temple   | Became a worshipper of Cheibriados the Contemplative
  3473 | D:5      | Entered Level 5 of the Dungeon
  3480 | D:5      | Reached XP level 7. HP: 44/44 MP: 7/7
  3554 | D:4      | Reached skill level 1 in Invocations
  4274 | D:2      | Reached * piety under Cheibriados
  4354 | D:2      | Killed Sigmund
  4768 | D:4      | Reached XP level 8. HP: 33/52 MP: 8/10
  5022 | D:5      | Noticed Edmund
  5032 | D:5      | Killed Edmund
  5034 | D:5      | Noticed Menkaure
  5042 | D:5      | Killed Menkaure
  5162 | D:5      | Noticed Grinder
  5187 | D:5      | Killed Grinder
  5330 | D:5      | Reached ** piety under Cheibriados
  5556 | D:5      | Reached XP level 9. HP: 18/57 MP: 8/12
  5561 | D:5      | Slain by a gnoll sergeant

Illustrated notes

Levels and vault maps discovered:
D:1:      amcnicky_arrival_abandoned_market, layout_loops_ring, nrook_uturn,
          st_stairs_4
D:2:      layout_basic, chequers_ecumenical_altar_simple, serial_park_tiny_pond,
          uniq_sigmund
D:3:      layout_rooms, uniq_jessica
D:4:      layout_basic, minmay_temple_entry_glass, kennysheep_generic_room_2,
          uniq_robin
D:5:      lemuel_castle_with_subvaults [lemuel_castle_interior_carwin_3],
          layout_gridville, serial_shops, kennysheep_little_box,
          uniq_blork_the_orc, uniq_menkaure, uniq_grinder, uniq_edmund
Temple:   kilobyte_greek_temple

Skill      XL: |  1  2  3  4  5  6  7  8 |
---------------+-------------------------+-----
Maces & Flails | 3 4 5 6 7 |  7.6
Fighting       | 4 5 6 7 |  7.4
Invocations    | 3 4 |  4.8
Armour         | 4 |  4.7
Shields        | |  3.2

Action                   |  1- 3 |  4- 6 |  7- 9 || total
-------------------------+-------+-------+-------++-------
Melee: Flail             |   104 |   187 |   265 ||   556
Throw: Javelin           |       |       |     5 ||     5
Invok: Bend Time         |       |       |     1 ||     1
  Use: Potion            |       |     2 |     3 ||     5
       Scroll            |       |     6 |     1 ||     7
Armor: Scale mail        |    68 |    96 |       ||   164
       Ring mail         |       |    47 |   196 ||   243
Dodge: Dodged            |    66 |   106 |   178 ||   350
Block: Buckler           |    26 |    45 |    63 ||   134
